 Dungeon Crawl Stone Soup version 0.27-a0-1590-g15f69828bf (webtiles) character file.

Game seed: 6166674928147016329

130 Sobieck the Shield-Bearer (level 5, -7/28 HPs)
             Began as a Vine Stalker Fighter on July 18, 2021.
             Mangled by Robin (10 damage)
             ... on level 4 of the Dungeon.
             The game lasted 00:05:55 (2920 turns).

Sobieck the Shield-Bearer (Vine Stalker Fighter)    Turns: 2920, Time: 00:05:55

Health: -7/28      AC:  6    Str: 18    XL:     5   Next: 13%
Magic:  0/6        EV:  7    Int:  9    God:
Gold:   147        SH:  9    Dex: 14    Spells: 4/4 levels left

rFire    . . .     SeeInvis .     - Unarmed
rCold    . . .     Faith    .   b - +0 kite shield
rNeg     + . .     Spirit   +   a - +0 scale mail
rPois    .         Reflect  .   (no helmet)
rElec    .         Harm     .   (no cloak)
rCorr    .         Rampage  .   (no gloves)
Will     .....                  (no boots)
Stlth    ..........             (no amulet)
HPRegen  1.09/turn              g - ring of positive energy
MPRegen  0.10/turn              (no ring)

@: no status effects
A: fangs 2, regeneration 1, magic shield, antimagic bite, no potion heal 2
a: no special abilities


You were on level 4 of the Dungeon.
You visited 1 branch of the dungeon, and saw 4 of its levels.

You collected 147 gold pieces.


Innate Abilities, Weirdness & Mutations

You have extremely sharp teeth.
Your natural rate of healing is unusually fast.
When hurt, damage is shared between your health and your magic reserves.
Your bite disrupts and absorbs the magic of your enemies.
Potions cannot restore your health.


   Skills:
 + Level 3.1 Fighting
 + Level 2.9 Armour
 * Level 3.7 Shields
 * Level 3.3 Unarmed Combat


You had 4 spell levels left.
You didn't know any spells.
Your spell library contained the following spells:

 Spells                   Type           Power      Damage    Failure   Level
 Shock                    Conj/Air       0%         1d3       99%         1
 Swiftness                Air            0%         N/A       100%        3
 Airstrike                Air            0%         N/A       100%        4

Inventory:

Hand Weapons
 e - a +0 club {mace}
   (You took it off a goblin on level 1 of the Dungeon)
 h - a +0 war axe {axe}
   (You found it on level 1 of the Dungeon)
 j - a +0 short sword {short}
   (You found it on level 1 of the Dungeon)
 l - a +0 club {mace}
   (You took it off a goblin on level 1 of the Dungeon)
 o - a +0 club {mace}
   (You took it off a kobold on level 2 of the Dungeon)
 p - a +0 scimitar {long}
   (You found it on level 2 of the Dungeon)
 r - a +0 club {mace}
   (You took it off a goblin on level 2 of the Dungeon)
 s - a +0 dagger {short}
   (You took it off a goblin on level 2 of the Dungeon)
 t - a +0 short sword {short}
   (You took it off an orc on level 4 of the Dungeon)
 u - a +0 club {mace}
   (You took it off a goblin on level 2 of the Dungeon)
 x - a +0 hunting sling {sling}
   (You took it off a goblin on level 4 of the Dungeon)
Missiles
 d - 68 stones (quivered) {throwing}
 m - 19 arrows
 v - 26 bolts
 w - 28 sling bullets
Armour
 a - a +0 scale mail (worn)
 b - a +0 kite shield (worn)
Jewellery
 g - a ring of positive energy (left hand)
   (You found it on level 1 of the Dungeon)
Wands
 q - a wand of flame (13)
   (You found it on level 2 of the Dungeon)
Scrolls
 f - 2 scrolls of identify {unknown}
 k - a scroll of immolation {unknown}
 n - a scroll of vulnerability {unknown}
Potions
 c - 4 potions of might
 i - a potion of lignification {unknown}

Dungeon Overview and Level Annotations

Branches:
Dungeon (4/15)
 Temple: D:4-7

Altars:

Annotations:
D:4 Robin

## .. .### .....
.#############......
........)@g.<.......
##############......
#####


You could see Robin.


Message History

😎 MP[+1]
Your mp is fully restored (6).
You climb upwards.
Level annotation: Robin You block the goblin's attack.
There is a stone staircase leading down, spattered with blood here.
You block the goblin's attack.
You climb downwards.
There is a stone staircase leading up here.
You hit the goblin. You block the goblin's attack.
You hit the goblin.
You kill the goblin!
No target in view!
Items here: ))))) †††.
x - a +0 hunting sling {sling}
There is a stone staircase leading up here.
You climb upwards.
Level annotation: Robin The goblin shouts! x2
The goblin barely misses you. Robin throws the goblin at you!
The goblin hits you with a +1 dagger of protection.
The goblin hits you but does no damage.
There is a stone staircase leading down, spattered with blood here. 😕 HP[-2] MP[-1]
You take 2 damage, and now have 26/28 hp.
You lost 1 mp, and now have 5/6 mp.
Robin throws the goblin at you! You block the goblin's attack.
The goblin hits you but does no damage. The goblin closely misses you.
You climb downwards.
There is a stone staircase leading up here. 😕 HP[+1] MP[-1]
You lost 1 mp, and now have 4/6 mp.
You closely miss the goblin. You bite the goblin, but do no damage.
The goblin hits you but does no damage. The goblin barely misses you. 😎 HP[+1]
Your hp is fully restored (28).
You hit the goblin but do no damage. You bite the goblin. You drain its power.
You feel invigorated. You block the goblin's attack.
The goblin hits you with a +0 dagger.
You completely miss the goblin. You bite the goblin, but do no damage.
You block the goblin's attack. x2
You closely miss the goblin. You bite the goblin, but do no damage.
The goblin hits you but does no damage. The goblin closely misses you.
The goblin hits you but does no damage.
You hit the goblin.
You kill the goblin!
The goblin barely misses you.
The goblin hits you with a +0 dagger. 😎 MP[-1]
You lost 1 mp, and now have 3/6 mp.
Items here: ))) ††.
You barely miss the goblin. You block the goblin's attack. 😎 MP[+1]
You closely miss the goblin. The goblin barely misses you.
You punch the goblin!
You kill the goblin!
Items here: ))) ††.
Okay, then.
Unknown command.
There is a stone staircase leading up, spattered with blood here.
Things that are here:
a +0 dagger {short}; a goblin corpse You start resting. 😎 MP[+2]
Your mp is fully restored (6).
You climb upwards.
Level annotation: Robin The goblin barely misses you.
There is a stone staircase leading down, spattered with blood here.
You block the goblin's attack.
You climb downwards.
There is a stone staircase leading up, spattered with blood here.
Things that are here:
a +0 dagger {short}; a goblin corpse You hit the goblin.
You kill the goblin!
No target in view!
You climb upwards.
Level annotation: Robin The hobgoblin shouts!
There is a stone staircase leading down, spattered with blood here.
You block Robin's attack.
You climb downwards.
There is a stone staircase leading up, spattered with blood here.
Things that are here:
a +0 dagger {short}; a goblin corpse You hit Robin.
Robin hits you with a +3 whip of electrocution.
You are electrocuted!!
Ouch! That really hurt!
* * * LOW HITPOINT WARNING * * *
You block Robin's attack. 😨 HP[-19] MP[-4]
You take 19 damage, and now have 9/28 hp.
MASSIVE DAMAGE!! (PAUSE)
You lost 4 mp, and now have 2/6 mp.
You hit Robin but do no damage.
Robin hits you with a +3 whip of electrocution!
* * * LOW HITPOINT WARNING * * *
You are electrocuted!
You die...

Skill      XL: |  1  2  3  4 |
---------------+-------------+-----
Shields        | 3 |  3.7
Fighting       | 3 |  3.1
Unarmed Combat | 3 |  3.3
Armour         | |  2.9

Action                   |  1- 3 |  4- 6 || total
-------------------------+-------+-------++-------
Melee: Unarmed           |   107 |    93 ||   200
       Bite              |    29 |    18 ||    47
Throw: Stone             |    27 |    26 ||    53
Armor: Scale mail        |    44 |    27 ||    71
Dodge: Dodged            |    27 |    29 ||    56
Block: Kite shield       |    48 |    52 ||   100

Levels and vault maps discovered:
D:1:      amcnicky_arrival_blooded_trapdoor, layout_basic
D:2:      layout_basic, serial_curves, eino_curves_04, eino_curves_04,
          eino_curves_01, eino_curves_02, uniq_terence
D:3:      layout_rooms, mainiacjoe_overflow_divided_tiny,
          ebering_ecumenical_altar_rust, serial_forest,
          infiniplex_forest_clump_diagonal, infiniplex_forest_straight_4,
          infiniplex_forest_clump_cross, infiniplex_forest_clump_tiny,
          infiniplex_forest_clump_tiny, infiniplex_forest_end_double,
          infiniplex_forest_straight_5, serial_shops, shop, uniq_robin
D:4:      layout_rooms, minmay_temple_entry_waves, hex_intersection,
          serial_park_tiny_1

Notes
Turn   | Place    | Note
-------+----------+-------------------------------------------
     0 | D:1      | Sobieck the Vine Stalker Fighter began the quest for the
                  | Orb.
     0 | D:1      | Reached XP level 1. HP: 11/11 MP: 2/2
     0 | D:1      | magus.rc [v1.9.6]
   491 | D:1      | Reached XP level 2. HP: 16/16 MP: 3/3
   817 | D:2      | Reached skill level 3 in Shields
   821 | D:3      | Found a faded altar of an unknown god.
  1586 | D:2      | Reached XP level 3. HP: 19/19 MP: 4/4
  1980 | D:3      | Reached skill level 3 in Fighting
  2187 | D:2      | Gained mutation: Your natural rate of healing is unusually
                  | fast. [Vine Stalker growth]
  2187 | D:2      | Reached XP level 4. HP: 21/24 MP: 5/5
  2390 | D:2      | Noticed Terence
  2405 | D:2      | Killed Terence
  2406 | D:2      | Reached skill level 3 in Unarmed Combat
  2732 | D:3      | Reached XP level 5. HP: 24/28 MP: 3/6
  2775 | D:3      | You pick up a book of Air and begin reading...
  2775 | D:3      | You add the spells Shock, Swiftness and Airstrike to your
                  | library.
  2812 | D:3      | Noticed Robin
  2920 | D:4      | HP: 3/28 [Robin (7)]
  2920 | D:4      | Mangled by Robin

Vanquished Creatures
  Terence (D:2)
  3 adders
  2 worms
  2 dart slugs
  An orc (D:4)
  4 ball pythons
  4 endoplasms
  5 giant cockroaches
  15 goblins
  7 hobgoblins
  4 jackals (D:2)
  5 bats
  3 frilled lizards
  A kobold (D:2)
  3 rats
60 creatures vanquished.

Vanquished Creatures (others)
  4 plants (D:3)
4 creatures vanquished.

Grand Total: 64 creatures vanquished

Table legend:
 A = Non-vault XP
 B = Vault XP
 C = Vault XP percentage of total XP
 D = Non-vault monster count
 E = Vault monster count
 F = Vault count percentage of total count
                 A         B        C        D         E       F
            +---------+---------+-------+---------+---------+-------
      Total |     130 |      56 |  30.1 |      49 |      11 |  18.3
            +---------+---------+-------+---------+---------+-------
        D:1 |      25 |       0 |   0.0 |      13 |       0 |   0.0
        D:2 |      68 |      36 |  34.6 |      23 |       1 |   4.2
        D:3 |      29 |       0 |   0.0 |       9 |       0 |   0.0
        D:4 |       8 |      20 |  71.4 |       4 |      10 |  71.4
            +---------+---------+-------+---------+---------+-------

Illustrated notes

Table legend:
 A = Kills in this place as a percentage of kills in entire the game.
 B = Kills by you in this place as a percentage of kills by you in the entire game.
 C = Kills by friends in this place as a percentage of kills by friends in the entire game.
 D = Other kills in this place as a percentage of other kills in the entire game.
 E = Experience gained in this place as a percentage of experience gained in the entire game.
 F = Experience gained in this place divided by the number of levels of this place that you have seen.
                   A       B       C       D       E      F
               +-------+-------+-------+-------+-------+----------------------
         Total | 100.0 | 100.0 |   N/A |   N/A | 100.0 |  46.5
       Dungeon | 100.0 | 100.0 |   N/A |   N/A | 100.0 |  46.5
               +-------+-------+-------+-------+-------+----------------------

Table legend: (Time is in decaauts)
 A = Elapsed time spent in this place.
 B = Non-inter-level travel time spent in this place.
 C = Inter-level travel time spent in this place.
 D = Time resting spent in this place.
 E = Time spent auto-exploring this place.
 F = Levels seen in this place.
 G = Mean time per level.
                   A        B        C        D        E       F      G
               +--------+--------+--------+--------+--------+-----+--------+
         Total |   2989 |   2768 |    221 |    426 |   1829 |   4 |  747.2 |
       Dungeon |   2989 |   2768 |    221 |    426 |   1829 |   4 |  747.2 |
               +--------+--------+--------+--------+--------+-----+--------+

Top non-repeatable levels by time:
     D:1: 1532 daAuts
     D:2: 1035 daAuts
     D:3: 243 daAuts
     D:4: 177 daAuts
